 Dungeon Crawl Stone Soup version 0.26-a0-800-g517d6fe721 (webtiles) character file.

Game seed: 13975971619675286645

7425 tatingo the Covert (level 10, -1/53 HPs)
             Began as a Spriggan Delver on Nov 7, 2020.
             Was a Follower of Wu Jian.
             Slain by a warg (17 damage)
             ... on level 7 of the Dungeon on Nov 11, 2020.
             The game lasted 00:41:15 (24956 turns).

tatingo the Covert (Spriggan Delver)               Turns: 24956, Time: 00:41:15

Health: -1/53      AC:  2    Str:  9    XL:     10   Next: 93%
Magic:  11/11      EV: 32    Int: 13    God:    Wu Jian [*.....]
Gold:   359        SH:  0    Dex: 19    Spells: 9/9 levels left

rFire    + . .     SeeInvis +   h - +2 dagger (venom)
rCold    + . .     Faith    .   (shield restricted)
rNeg     . . .     Spirit   .   b - +0 robe
rPois    .         Reflect  .   (helmet restricted)
rElec    .         Harm     .   B - scarf {rC+ rF+}
rCorr    .         Rampage  .   (gloves unavailable)
MR       +....                  (boots unavailable)
Stlth    +++++++...             J - amulet of regeneration
HPRegen  0.57/turn              H - ring of stealth
MPRegen  0.12/turn              K - +4 ring of evasion

@: very quick
A: very small, unfitting armour, see invisible, speed 3
a: Renounce Religion


You were on level 7 of the Dungeon.
You worshipped Wu Jian.
Wu Jian was aware of your devotion.
You visited 1 branch of the dungeon, and saw 9 of its levels.
You also visited: Sewer.

You collected 514 gold pieces.
You spent 155 gold pieces at shops.

Inventory:

Hand Weapons
 h - a +2 dagger of venom (weapon)
 u - a +2 falchion of freezing
 D - a +1 dagger of chaos
Missiles
 q - 3 boomerangs
 w - 23 poisoned darts (quivered)
Armour
 b - a +0 robe (worn)
 B - a scarf of resistance (worn)
Jewellery
 a - an uncursed amulet of magic regeneration
 r - an uncursed ring of resist corrosion
 G - an uncursed ring of protection from magic
 H - a ring of stealth (left hand)
 J - an amulet of regeneration (around neck)
 K - a +4 ring of evasion (right hand)
Wands
 g - a wand of digging (3)
 F - a wand of polymorph (3)
Scrolls
 c - 3 scrolls of fog
 d - 3 scrolls of magic mapping
 e - a scroll of fear
 f - 8 scrolls of remove curse
 i - 3 scrolls of teleportation
 l - a scroll of immolation {unknown}
 n - a scroll of random uselessness {unknown}
 v - 3 scrolls of identify
 x - a scroll of noise {unknown}
 y - 2 scrolls of blinking {unknown}
 z - 4 scrolls of enchant weapon {unknown}
 A - 3 scrolls of enchant armour {unknown}
 E - 2 scrolls of amnesia {unknown}
Potions
 j - 4 potions of lignification
 m - a potion of resistance
 o - a potion of haste
 p - 2 potions of curing
 s - a potion of degeneration
 t - a potion of flight


   Skills:
 + Level 6.2 Fighting
 * Level 11.3 Short Blades
 - Level 2.9 Throwing
 + Level 11.0 Dodging
 + Level 12.9 Stealth
 + Level 4.6 Evocations


You had 9 spell levels left.
You didn't know any spells.
Your spell library contained the following spells:

 Spells                   Type           Power        Failure   Level
 Animate Skeleton         Necr           #.....       30%         1
 Pain                     Necr           #...         30%         1
 Vampiric Draining        Necr           #.........   67%         3
 Animate Dead             Necr           #.........   97%         4
 Agony                    Necr           #.......     100%        5


Dungeon Overview and Level Annotations

Branches:
Dungeon (9/15)             Temple (0/1) D:7           Sewer (visited)
   Lair: D:8-11         Orc: D:9-12

Altars:
Kikubaaqudgha
Okawaru
Trog
Vehumet
Wu Jian
The Shining One

Shops:
D:6 }   D:7 *   D:8 [


Innate Abilities, Weirdness & Mutations

You are very small and have problems with some larger weapons.
You are too small for most types of armour.
You have supernaturally acute eyesight. (SInv)
You cover ground extremely quickly.


Message History

The warg completely misses you.
You spin and attack the warg repeatedly.
You hit the warg but do no damage.
The warg is moderately wounded.
You hit the warg but do no damage.
The warg looks as sick as possible!
The warg is moderately wounded.
You spin and attack the warg.
You hit the warg.
The warg is moderately wounded.
The warg completely misses you.
You spin and attack the warg repeatedly.
You completely miss the warg.
The warg is heavily wounded.
You closely miss the warg.
The warg is heavily wounded.
The warg bites you!
You spin and attack the warg.
You hit the warg but do no damage.
The warg looks as sick as possible!
The warg is heavily wounded.
The warg bites you!
You die...

######## ###...## #
#####..#...###.>....# ##
###.#....#............## #.
##..h...................#### ###.
...[#####..##............#.###<..
.)[.[###..####........#........#.
...............†.....[..##.....[.
...#............h..#.#..#.....##.
..##............@.####.....[...#[
h..#.............## ##.#...##.#.
..................#####.#........
......#..............#..#....[...
......#..........###..#..........
h.................##..#.##....#..
.........................#....##.
...#.##.>.#..................###.
...####...#.........####...[.##..


You could see a warg (extremely poisoned).

Vanquished Creatures
  6 orc knights
  Psyche (D:9)
  A rime drake (D:9)
  A wyvern (D:8)
  12 wargs
  3 orc warriors
  An ice beast (D:5)
  A sky beast (D:6)
  3 ogres
  A phantom (D:8)
  2 centaurs (D:5)
  5 bullfrogs
  A gnoll sergeant (D:8)
  A scorpion (D:8)
  A water moccasin skeleton (D:2)
  4 wights (D:7)
  An electric eel (D:9)
  A bullfrog zombie (D:5)
  A bullfrog skeleton (D:7)
  3 hounds
  2 jellies
  2 orc priests (D:7)
  An orc wizard (D:6)
  Terence (D:3)
  4 iguanas
  3 worker ants
  A killer bee zombie (D:8)
  A worker ant zombie (D:6)
  14 gnolls
  14 adders
  A shadow imp (D:5)
  A white imp (D:7)
  3 ufetubi
  An ooze (D:2)
  An adder skeleton (D:6)
  5 worms
  8 dart slugs
  7 leopard geckos
  31 orcs
  5 ball pythons
  6 giant cockroaches
  10 goblins
  11 hobgoblins
  17 jackals
  4 quokkas (D:2)
  8 bats
  7 frilled lizards
  A jackal skeleton (D:6)
  5 kobolds
  7 rats
232 creatures vanquished.

Vanquished Creatures (others)
  A wight (D:6)
  A worker ant (D:6)
  An orc (D:6)
  A jackal (D:2)
  A quokka (D:6)
  4 plants (D:7)
9 creatures vanquished.

Grand Total: 241 creatures vanquished

Notes
Turn   | Place    | Note
-------+----------+-------------------------------------------
     0 | D:5      | tatingo the Spriggan Delver began the quest for the Orb.
     0 | D:5      | Reached XP level 1. HP: 11/11 MP: 2/2
    12 | D:5      | Found a glowing golden altar of the Shining One.
    43 | D:5      | Noticed a shadow
    44 | D:5      | Found an ornate altar of the Wu Jian Council.
    45 | D:5      | Noticed a yak
    48 | D:5      | Found a transporter.
    60 | D:5      | Found a transporter.
    76 | D:5      | Noticed a centaur
    97 | D:5      | Noticed an ice beast
   645 | D:4      | Found a glowing drain.
   657 | Sewer    | Entered a sewer
   920 | Sewer    | Noticed Purgy
  1525 | D:4      | Reached XP level 2. HP: 16/16 MP: 3/3
  1853 | D:4      | Reached skill level 8 in Stealth
  1853 | D:4      | Reached XP level 3. HP: 19/19 MP: 4/4
  2047 | D:4      | Noticed a moth of wrath
  2050 | D:4      | Found a bloodstained altar of Trog.
  2919 | D:3      | Reached XP level 4. HP: 14/23 MP: 5/5
  4386 | D:3      | Reached skill level 1 in Throwing
  4386 | D:3      | Reached XP level 5. HP: 27/27 MP: 6/6
  4737 | D:3      | Noticed Terence
  4788 | D:3      | Killed Terence
  6029 | D:1      | Reached XP level 6. HP: 32/32 MP: 7/7
  7363 | D:2      | Reached skill level 5 in Short Blades
  7376 | D:2      | Reached skill level 9 in Stealth
  9454 | D:5      | Killed an ice beast
  9454 | D:5      | Reached XP level 7. HP: 26/36 MP: 8/8
  9905 | D:5      | Reached skill level 5 in Dodging
 11063 | D:5      | Upgraded the game from 0.26-a0-757-g626ac9e51a to
                  | 0.26-a0-800-g517d6fe721
 11681 | D:6      | Found Ucuthaogh's Gadget Emporium.
 12742 | D:7      | Found Keurchez's Assorted Antiques.
 12782 | D:6      | Found a radiant altar of Vehumet.
 12819 | D:6      | Reached XP level 8. HP: 28/40 MP: 9/9
 13212 | D:6      | Found an iron altar of Okawaru.
 13922 | D:5      | Became a worshipper of the Wu Jian Council
 15303 | D:6      | Reached skill level 10 in Stealth
 15873 | D:7      | Bought a potion of heal wounds for 155 gold pieces
 16358 | D:7      | Reached skill level 1 in Evocations
 16499 | D:7      | Found a staircase to the Ecumenical Temple.
 17103 | D:6      | Reached XP level 9. HP: 21/46 MP: 10/10
 17678 | D:7      | Reached skill level 11 in Stealth
 18686 | D:7      | Noticed an orc knight
 18688 | D:7      | Noticed an orc knight
 20201 | D:8      | Found Wynec's Antique Armour Boutique.
 20455 | D:8      | Found an ancient bone altar of Kikubaaqudgha.
 20470 | D:8      | Reached skill level 5 in Fighting
 21186 | D:8      | Reached * piety under Wu Jian
 22089 | D:9      | Noticed Psyche
 22094 | D:9      | Killed Psyche
 22119 | D:9      | Noticed a rime drake
 22119 | D:9      | an ice beast changed into a rime drake
 22141 | D:9      | Killed a rime drake
 22430 | D:9      | Noticed a polar bear
 22431 | D:9      | Noticed a polar bear
 22749 | D:7      | Noticed an orc knight
 22750 | D:7      | Noticed an orc knight
 23065 | D:6      | Killed an orc knight
 23065 | D:6      | Reached skill level 10 in Short Blades
 23065 | D:6      | Reached XP level 10. HP: 51/51 MP: 11/11
 23530 | D:7      | Killed an orc knight
 23530 | D:7      | Reached skill level 10 in Dodging
 23539 | D:7      | Killed an orc knight
 23539 | D:7      | Reached skill level 12 in Stealth
 23544 | D:7      | Killed an orc knight
 24079 | D:7      | Noticed an orc knight
 24516 | D:7      | Killed an orc knight
 24553 | D:7      | Noticed an orc knight
 24595 | D:7      | Killed an orc knight
 24601 | D:7      | HP: 2/53 [warg (10)]
 24956 | D:7      | Slain by a warg

Illustrated notes

Levels and vault maps discovered:
D:1:      dpeg_arrival_snail, layout_rooms, minmay_ruptured
D:2:      minmay_thinvault, layout_rooms
D:3:      layout_loops_ring, kennysheep_generic_room_11, uniq_terence
D:4:      layout_loops_corners, tgw_trog, cheibrodos_sewer_entry_drain,
          roderic_three_in_a_row, corner_web_ring
D:5:      layout_basic, gammafunk_temple_overflow_arena, lemuel_round_altar
D:6:      layout_basic, fiery_altar_vehumet, lemuel_crystal_altar, serial_shops,
          nicolae_shop_temple_entry_statues_fountains
D:7:      lemuel_castle_with_subvaults [lemuel_castle_interior_carwin_2],
          layout_cave_pools, minmay_temple_entry_drinking_statues, serial_shops,
          shop_statue
D:8:      layout_cave_pools, kennysheep_mini, serial_shops,
          nicolae_shop_waterfront
D:9:      layout_loops_cross, nicolae_overflow_hidden_temple, basic_altar,
          serial_ice, serial_ice_k, serial_ice_f, serial_ice_o, serial_ice_c,
          uniq_psyche

Skill      XL: |  1  2  3  4  5  6  7  8  9 10 |
---------------+-------------------------------+-----
Stealth        | 8 9 10 11 12 | 12.9
Short Blades   | 3 4 5 6 7 10 11 | 11.3
Throwing       | 1 2 |  2.9
Dodging        | 4 6 8 9 11 | 11.0
Fighting       | 3 4 5 6 |  6.2
Evocations     | 1 2 4 |  4.6

Action                   |  1- 3 |  4- 6 |  7- 9 | 10-12 || total
-------------------------+-------+-------+-------+-------++-------
Melee: Short sword       |    91 |   446 |   210 |       ||   747
       Falchion          |       |    13 |   241 |       ||   254
       Dagger            |       |       |    70 |   269 ||   339
Throw: Dart              |       |    16 |     6 |    23 ||    45
       Boomerang         |       |    28 |   119 |     1 ||   148
Invok: Lunge             |       |       |    16 |    13 ||    29
       Whirlwind         |       |       |     1 |    44 ||    45
Evoke: Wand              |       |       |    33 |       ||    33
  Use: Potion            |     1 |     6 |     2 |     2 ||    11
       Scroll            |     1 |       |     7 |       ||     8
 Stab: Sleeping          |    12 |    31 |    20 |     1 ||    64
       Distracted        |       |     1 |     1 |     2 ||     4
       Paralysed         |       |       |     1 |     1 ||     2
       Confused          |       |       |       |     1 ||     1
Armor: Robe              |     8 |    33 |     5 |     2 ||    48
Dodge: Dodged            |    72 |   389 |   495 |   143 ||  1099
       Rpst.: Falchion   |       |    10 |    96 |       ||   106

Table legend: (Time is in decaauts)
 A = Elapsed time spent in this place.
 B = Non-inter-level travel time spent in this place.
 C = Inter-level travel time spent in this place.
 D = Time resting spent in this place.
 E = Time spent auto-exploring this place.
 F = Levels seen in this place.
 G = Mean time per level.
                   A        B        C        D        E       F      G
               +--------+--------+--------+--------+--------+-----+--------+
         Total |  21945 |  21610 |    335 |  15107 |   3466 |  10 | 2194.5 |
       Dungeon |  21667 |  21332 |    335 |  14881 |   3454 |   9 | 2407.4 |
         Sewer |    278 |    278 |      0 |    226 |     11 |   1 |  278.0 |
               +--------+--------+--------+--------+--------+-----+--------+

Top non-repeatable levels by time:
     D:6: 5009 daAuts
     D:5: 4066 daAuts
     D:8: 2793 daAuts
     D:7: 2722 daAuts
     D:3: 2630 daAuts
     D:4: 1658 daAuts
     D:2: 1447 daAuts
     D:1: 1056 daAuts
     D:9: 283 daAuts
   Sewer: 278 daAuts
